 Dungeon Crawl Stone Soup version 0.14-a0-1773-ge500af7 (webtiles) character file.

63038 4tharraofdagon the Destroyer (level 15, -1/108 HPs)
             Began as a Naga Conjurer on Jan 5, 2014.
             Was a High Priest of Vehumet.
             Slain by a naga warrior (14 damage)
             ... on Level 5 of the Snake Pit on Jan 6, 2014.
             The game lasted 02:06:18 (10637 turns).

4tharraofdagon the Destroyer (Naga Conjurer)       Turns: 10637, Time: 02:06:19

HP  -1/108       AC 16     Str  9      XL: 15   Next:  4%
MP   7/30        EV  8     Int 25      God: Vehumet [*****.]
Gold 1029        SH  0     Dex 15      Spells:  9 memorised,  8 levels left

rFire  + + +     SeeInvis +     F - staff of fire
rCold  . . .     Clarity  .     a - +0 robe
rNeg   . . .     Conserve .     (no shield)
rPois  +         rCorr    .     f - +2 cap {rF+}
rElec  .         rRot     .     H - -3 cloak of a ziggurat {Dex+2 Int+3}
SustAb . .       Spirit   .     (no gloves)
rMut   .         Warding  .     I - +1 naga barding {rF+}
Gourm  +         Stasis   .     g - amulet of the gourmand
                                c - ring of wizardry
                                x - +3 ring of protection

@: short of breath, constricted, very slow, quite resistant to hostile
enchantments, stealthy
A: breathe poison, constrict 1, stinger 1, thin metallic scales 1, see
invisible, breathe poison, clever 1, deformed body, low mp 1, poison resistance,
slowness 2, slow healing 1, slow metabolism 1, weak 1, AC +5
a: Breathe Poison Gas, Renounce Religion


You were on level 5 of the Snake Pit.
You worshipped Vehumet.
Vehumet was extremely pleased with you.
You were full.

You visited 4 branches of the dungeon, and saw 25 of its levels.
You also visited: Volcano.

You collected 1029 gold pieces.

Inventory:

Hand weapons
 p - a +5,+3 flail of draining
Missiles
 M - 2 exploding darts (quivered)
Armour
 a - a +0 robe (worn)
 f - a +2 cap of fire resistance (worn)
 H - the -3 cloak of a ziggurat (worn) {Dex+2 Int+3}
   (You acquired it on level 2 of the Snake Pit)

   It affects your intelligence (+3).
   It affects your dexterity (+2).
 I - a +1 naga barding of fire resistance (worn)
 P - a +0 elven cloak
Magical devices
 h - a wand of digging (8)
 y - a wand of fire (0)
 E - a wand of paralysis (5)
 N - a wand of flame (8)
 T - a wand of digging (10)
 U - a wand of cold (10)
Comestibles
 b - 9 bread rations
 j - a pear
 K - 8 oranges
 Q - 4 chunks of anaconda flesh
 V - an apple
 X - a chunk of black mamba flesh
 Y - 2 chunks of anaconda flesh
Scrolls
 i - a scroll of noise
 k - a scroll of fog
 l - 7 scrolls of remove curse
 n - 2 scrolls of magic mapping
 s - a scroll of recharging
 t - a scroll of amnesia
 u - 3 scrolls of immolation
 A - 5 scrolls of teleportation
 S - a scroll of summoning
 W - a scroll of enchant weapon I
Jewellery
 c - a ring of wizardry (right hand)
 e - an uncursed ring of invisibility
 g - an amulet of the gourmand (around neck)
 m - an uncursed amulet of conservation {unknown}
 x - a +3 ring of protection (left hand)
 O - a +2 ring of evasion
Potions
 d - a potion of degeneration
 o - 6 potions of curing
 q - 3 potions of flight
 r - 2 potions of brilliance
 z - a potion of might
 B - 3 potions of resistance {unknown}
 C - a potion of paralysis
 D - a potion of cure mutation
 G - a potion of confusion
 J - 2 potions of porridge
 L - a potion of restore abilities
 R - 2 potions of berserk rage
Books
 v - a book of War Chants

   Spells                             Type                      Level
   Fire Brand                         Charms/Fire                  2
   Freezing Aura                      Charms/Ice                   2
   Shroud of Golubria                 Charms/Translocation         2
   Repel Missiles                     Charms/Air                   2
   Poison Weapon                      Charms/Poison                3
   *Regeneration                      Charms/Necromancy            3
 w - the Catalogue of Stolen Souls
   (You found it on level 3 of the Lair of Beasts)

   Spells                             Type                      Level
   *Sublimation of Blood              Necromancy                   2
   *Regeneration                      Charms/Necromancy            3
   Animate Dead                       Necromancy                   4
   Twisted Resurrection               Necromancy                   5
   Death Channel                      Necromancy                   6
Magical staves
 F - an uncursed staff of fire (weapon)


   Skills:
 - Level 1.5 Dodging
 - Level 3.0 Stealth
 + Level 11.7 Spellcasting
 * Level 16.8 Conjurations
 - Level 8.2 Necromancy
 * Level 12.6 Fire Magic


You had 8 spell levels left.
You knew the following spells:

 Your Spells              Type           Power        Failure   Level  Hunger
a - Magic Dart            Conj           ####         0%          1    None
b - Sublimation of Blood  Necr           ######....   1%          2    None
d - Iskenderun's Battles  Conj/Chrm      ######..     1%          4    None
e - Iskenderun's Mystic   Conj           #######.     1%          4    None
f - Flame Tongue          Conj/Fire      #####        0%          1    None
g - Sticky Flame          Conj/Fire      #######.     1%          4    None
h - Fulminant Prism       Conj/Hex       ######....   1%          5    ##.....
i - Ignite Poison         Fire/Trmt      ######....   1%          5    ##.....
j - Regeneration          Chrm/Necr      #####.....   1%          3    None


Dungeon Overview and Level Annotations

Branches:
Dungeon (11/16)            Temple (1/1) D:7             Orc (0/4) D:9
   Lair (8/8) D:10          Snake (5/5) Lair:3
  Swamp: Lair:3-6    Shoals: Lair:3-6    Spider: Lair:3-6     Slime: Lair:6-8

Altars:
Ashenzari
Cheibriados
Elyvilon
Okawaru
Vehumet
Xom
Zin
the Shining One

Shops:
D:5 }}=(

Annotations:
D:4 Blork the orc
D:10 Harold
Lair:4 SWAMP, Jenx's ghost, powerful DECj


Innate Abilities, Weirdness & Mutations

You cannot wear boots.
You can use your snake-like lower body to constrict enemies.
Your serpentine skin is tough (AC +5).
You have supernaturally acute eyesight.
Armour fits poorly on your strangely shaped body.
Your system is resistant to poisons.
You cover ground very slowly.
Your tail ends in a poisonous barb.
You are partially covered in thin metallic scales (AC +2).
You can exhale a cloud of poison.
Your mind is acute. (Int +2)
Your magical capacity is low (-10% MP).
You heal slowly when monsters are visible.
You have a slow metabolism.
You are weak. (Str -2)


Message History

Read which item? (? for menu, Esc to quit)
Okay, then.
Unknown command.
Read which item? (? for menu, Esc to quit)
Okay, then.
Unknown command.
Unknown command.
Unknown command.
Drink which item? (? for menu, Esc to quit)
Okay, then.
Evoke which item? (* to show all) (? for menu, Esc to quit)
Okay, then.
Casting: Iskenderun's Mystic Blast
Confirm with . or Enter, or press ? or * to list all spells.
You feel a surge of power!
You ignite the poison in your surroundings!
The naga warrior seems to burn from within!
The naga warrior is severely wounded.
The naga warrior hits you!
You die...

... .........
...........
..............
................
.................
.....%............
.!......N......%....
....*S..@)..........
....................
....................
.....#........).###.
$..##..ยง...<.......)
. #.....<...#...##
.....###....# ###
#... .....# ...
#...###


You could see a naga warrior and a guardian serpent.

Vanquished Creatures
  Gastronok (Lair:2)
  3 dire elephants (Lair:8)
  The ghost of miro the Thaumaturge, a powerful HEWz of Vehumet (Volcano)
  4 hydras
  4 anacondas
  5 death yaks
  5 naga warriors
  The ghost of Vidiiot the Aerator, a powerful TeCj of Vehumet (Volcano)
  Erolcha (D:10)
  A lindwurm (Volcano)
  9 statues (Volcano)
  6 hill giants (D:10)
  5 griffons
  2 guardian serpents (Snake:2)
  A spiny worm (Lair:8)
  4 elephants (Lair:8)
  An item mimic (Lair:5)
  10 black mambas
  12 spiny frogs
  7 naga magi
  13 fire drakes
  3 komodo dragons
  A two-headed ogre (D:10)
  The ghost of 4tharraofdagon the Firebug, an experienced NaFE (D:7)
  A troll (D:10)
  Prince Ribbit (D:5)
  5 basilisks
  2 sharks
  A wraith (D:10)
  7 fire bats
  Eustachio (D:5)
  An elephant slug (Lair:7)
  A hungry ghost (D:7)
  Edmund (D:4)
  4 wolves (Lair:5)
  10 hippogriffs
  40 yaks
  An orc warrior (D:9)
  6 manticores (Lair:5)
  An ice beast (D:6)
  15 nagas
  9 porcupines
  3 phantoms
  2 sky beasts
  14 crocodiles
  2 centaurs
  2 giant goldfish
  5 ogres
  A big kobold (D:10)
  5 giant slugs
  A gnoll sergeant (D:5)
  7 giant frogs
  15 water moccasins
  A fulminant prism (Lair:4)
  A manticore zombie (D:9)
  A killer bee (D:11)
  An agate snail (Lair:7)
  2 jellyfish
  4 wights (D:10)
  3 electric eels (Lair:8)
  4 lava fish (Volcano)
  2 crimson imps
  2 goliath beetles
  A big fish (Lair:1)
  2 lava snakes (Volcano)
  A black bear zombie (D:7)
  2 orc priests (D:10)
  A water moccasin zombie (D:8)
  3 gnoll shamans
  A jelly (D:6)
  8 hounds
  3 iguanas
  2 scorpions
  6 worker ants
  7 orc wizards
  Jessica (D:2)
  A worker ant zombie (D:8)
  A mummy (D:9)
  17 adders
  13 gnolls
  40 green rats
  25 sheep
  2 giant centipedes
  A white imp (Volcano)
  An iguana skeleton (D:8)
  4 worms
  A giant eyeball (D:4)
  13 giant geckos
  2 oozes (D:5)
  20 orcs
  A ball python (Snake:2)
  A bat skeleton (D:4)
  3 giant cockroaches
  8 goblins
  5 hobgoblins
  12 kobolds
  4 quokkas
  15 bats
  2 giant newts
  14 jackals
  10 rats
  A rat zombie (D:7)
  3 plants (Lair:8)
544 creatures vanquished.

Vanquished Creatures (collateral kills)
  A dire elephant (Lair:8)
1 creature vanquished.

Vanquished Creatures (others)
  An elephant (Lair:8)
  A komodo dragon (Lair:8)
  5 fulminant prisms
  4 fungi
  2 plants (Lair:8)
13 creatures vanquished.

Grand Total: 558 creatures vanquished

Notes
Turn   | Place    | Note
--------------------------------------------------------------
     0 | D:1      | 4tharraofdagon, the Naga Conjurer, began the quest for the Orb.
     0 | D:1      | Reached XP level 1. HP: 15/15 MP: 3/3
    15 | D:1      | Gained mutation: Your magical capacity is low (-10% MP). [potion of mutation]
    15 | D:1      | Gained mutation: You heal slowly when monsters are visible. [potion of mutation]
    15 | D:1      | Gained mutation: You can exhale a cloud of poison. [potion of mutation]
   175 | D:2      | Reached XP level 2. HP: 13/22 MP: 0/4
   187 | D:2      | Learned a level 2 spell: Searing Ray
   257 | D:2      | Noticed Jessica
   260 | D:2      | Killed Jessica
   260 | D:2      | Reached XP level 3. HP: 17/28 MP: 1/5
   540 | D:3      | Noticed a crimson imp
   571 | D:3      | Noticed an orc priest
   771 | D:3      | Reached XP level 4. HP: 36/36 MP: 5/8
   825 | D:3      | Learned a level 3 spell: Dazzling Spray
   986 | D:4      | Noticed Edmund
  1005 | D:4      | Killed Edmund
  1005 | D:4      | Reached skill level 5 in Conjurations
  1005 | D:4      | Reached XP level 5. HP: 23/42 MP: 1/9
  1022 | D:4      | Learned a level 4 spell: Iskenderun's Battlesphere
  1081 | D:5      | Entered Level 5 of the Dungeon
  1089 | D:5      | Reached skill level 6 in Conjurations
  1089 | D:5      | Reached XP level 6. HP: 32/49 MP: 6/11
  1092 | D:4      | Noticed Blork the orc
  1140 | D:4      | Noticed an ogre
  1144 | D:4      | Killed an ogre
  1210 | D:5      | Found Suojatz's Gadget Emporium.
  1261 | D:5      | Noticed Eustachio
  1268 | D:5      | Killed Eustachio
  1268 | D:5      | Reached skill level 7 in Conjurations
  1268 | D:5      | Reached XP level 7. HP: 26/55 MP: 10/15
  1287 | D:5      | Found Quleo's Jewellery Boutique.
  1310 | D:5      | Noticed Prince Ribbit
  1317 | D:5      | Killed Prince Ribbit
  1317 | D:5      | Reached skill level 5 in Spellcasting
  1351 | D:5      | Learned a level 4 spell: Iskenderun's Mystic Blast
  1358 | D:5      | Found Fruj's Antique Weapon Emporium.
  1382 | D:5      | Reached skill level 8 in Conjurations
  1392 | D:5      | Reached XP level 8. HP: 28/62 MP: 10/18
  1402 | D:5      | Found Casha's Gadget Boutique.
  1664 | D:6      | Found a white marble altar of Elyvilon.
  1782 | D:7      | Found a staircase to the Ecumenical Temple.
  1783 | D:7      | Noticed 4tharraofdagon's ghost (experienced NaFE)
  1783 | D:7      | Reached skill level 9 in Conjurations
  1804 | D:7      | Killed 4tharraofdagon's ghost
  1824 | Temple   | Entered the Ecumenical Temple
  1833 | Temple   | Became a worshipper of Vehumet
  1880 | D:7      | Found a shattered altar of Ashenzari.
  2077 | D:7      | Reached XP level 9. HP: 48/68 MP: 18/20
  2096 | D:7      | Reached skill level 10 in Conjurations
  2128 | D:7      | Gained mutation: Your mind is acute. (Int +2) [mutagenic meat]
  2129 | D:7      | Gained mutation: You are weak. (Str -2) [mutagenic meat]
  2130 | D:7      | Gained mutation: Your tail ends in a poisonous barb. [potion of mutation]
  2130 | D:7      | Gained mutation: You have a slow metabolism. [potion of mutation]
  2130 | D:7      | Gained mutation: You are partially covered in thin metallic scales (AC +2). [potion of mutation]
  2431 | D:8      | Acquired Vehumet's first power
  2431 | D:8      | Offered knowledge of Freeze by Vehumet.
  2630 | D:9      | Reached skill level 11 in Conjurations
  2768 | D:10     | Entered Level 10 of the Dungeon
  2886 | D:10     | Noticed Erolcha
  2890 | D:10     | Killed Erolcha
  2890 | D:10     | Offered knowledge of Flame Tongue by Vehumet.
  2890 | D:10     | Reached XP level 10. HP: 58/75 MP: 12/22
  2957 | D:10     | Noticed a hill giant
  2969 | D:10     | Killed a hill giant
  2969 | D:10     | Reached skill level 12 in Conjurations
  2996 | D:10     | Found a staircase to the Lair.
  3006 | D:10     | Noticed a hill giant
  3255 | D:9      | Found a staircase to the Orcish Mines.
  3285 | D:9      | Learned a level 1 spell: Flame Tongue
  3425 | D:10     | Killed a hill giant
  3425 | D:10     | Reached skill level 1 in Fire Magic
  3464 | D:10     | Noticed a hill giant
  3479 | D:10     | Killed a hill giant
  3590 | D:10     | Noticed a hill giant
  3596 | D:10     | Offered knowledge of Throw Flame by Vehumet.
  3598 | D:10     | Killed a hill giant
  3598 | D:10     | HP: 1/75 [orc priest/divine providence (12)]
  3600 | D:10     | Reached skill level 13 in Conjurations
  3602 | D:10     | Noticed Harold
  3639 | D:10     | Reached XP level 11. HP: 63/81 MP: 14/25
  3676 | D:10     | Noticed an eight-headed hydra
  3782 | D:10     | Acquired Vehumet's second power
  3787 | D:10     | Noticed a hill giant
  3798 | D:10     | Killed a hill giant
  3865 | D:10     | Noticed a skeletal warrior
  4055 | D:10     | Noticed a hill giant
  4061 | D:10     | Killed a hill giant
  4061 | D:10     | Reached skill level 5 in Fire Magic
  4064 | Lair:1   | Entered Level 1 of the Lair of Beasts
  4072 | Lair:1   | :D
  4115 | Lair:1   | Offered knowledge of Sticky Flame by Vehumet.
  4131 | Lair:1   | Learned a level 4 spell: Sticky Flame
  4320 | Lair:2   | Noticed Gastronok
  4321 | Lair:2   | :(
  4338 | Lair:2   | Killed Gastronok
  4641 | Lair:2   | Acquired Vehumet's third power
  4656 | Lair:2   | Learned a level 5 spell: Fulminant Prism
  4706 | Lair:2   | Offered knowledge of Ignite Poison by Vehumet.
  4731 | Lair:2   | Reached skill level 14 in Conjurations
  4842 | Lair:2   | Learned a level 5 spell: Ignite Poison
  4883 | Lair:3   | Identified the Catalogue of Stolen Souls
  4936 | Lair:2   | Upgraded the game from 0.14-a0-1765-g49ce880 to 0.14-a0-1773-ge500af7
  4976 | Lair:2   | Learned a level 2 spell: Sublimation of Blood
  5001 | Lair:3   | Found a staircase to the Snake Pit.
  5093 | Lair:3   | Reached skill level 1 in Necromancy
  5093 | Lair:3   | Reached XP level 12. HP: 60/88 MP: 7/26
  5146 | Lair:3   | Noticed a death yak
  5185 | Lair:4   | Noticed an eight-headed hydra
  5244 | Lair:4   | Noticed Jenx's ghost (powerful DECj)
  5380 | Lair:4   | Found a dark tunnel.
  5404 | Volcano  | Entered a volcano
  5429 | Volcano  | Noticed miro's ghost (powerful HEWz)
  5455 | Volcano  | Killed miro's ghost
  5491 | Volcano  | Noticed Vidiiot's ghost (powerful TeCj)
  5499 | Volcano  | Killed Vidiiot's ghost
  6514 | Volcano  | Reached skill level 10 in Spellcasting
  6565 | Volcano  | Reached skill level 5 in Necromancy
  6836 | Volcano  | Found an ancient bone altar of Kikubaaqudgha.
  7038 | Lair:5   | Offered knowledge of Freezing Cloud by Vehumet.
  7038 | Lair:5   | Reached XP level 13. HP: 89/94 MP: 16/27
  7054 | Lair:5   | Learned a level 3 spell: Regeneration
  7233 | Lair:5   | Reached skill level 15 in Conjurations
  7616 | Lair:7   | Reached skill level 10 in Fire Magic
  7662 | Lair:7   | Got a crystal crossbow
  7671 | Lair:8   | Entered Level 8 of the Lair of Beasts
  8196 | Lair:8   | Identified the +7,+3 crossbow "Temearch" {elec, +Fly rPois rF+} (You found it on level 7 of the Lair of Beasts)
  8225 | Lair:8   | Noticed a dire elephant
  8225 | Lair:8   | Noticed a dire elephant
  8247 | Lair:8   | Noticed a dire elephant
  8249 | Lair:8   | Noticed a dire elephant
  8261 | Lair:8   | Noticed a dire elephant
  8263 | Lair:8   | Killed a dire elephant
  8267 | Lair:8   | Killed a dire elephant
  8277 | Lair:8   | Noticed a dire elephant
  8292 | Lair:8   | Killed a dire elephant
  8398 | Lair:8   | Killed a dire elephant
  8458 | Lair:8   | Reached XP level 14. HP: 68/102 MP: 20/28
  8929 | Lair:7   | Offered knowledge of Lee's Rapid Deconstruction by Vehumet.
  9174 | Lair:5   | Noticed a five-headed hydra
  9178 | Lair:5   | Killed a five-headed hydra
  9184 | Lair:5   | Reached skill level 16 in Conjurations
  9469 | Lair:4   | Noticed a five-headed hydra
  9477 | Lair:4   | Killed a five-headed hydra
  9518 | Lair:4   | Killed an eight-headed hydra
  9645 | Lair:3   | Noticed a death yak
  9647 | Lair:3   | Noticed a death yak
  9651 | Lair:3   | Killed a death yak
  9654 | Lair:3   | Killed a death yak
  9699 | Snake:1  | Entered Level 1 of the Snake Pit
 10232 | Snake:2  | Offered knowledge of Fireball by Vehumet.
 10409 | Snake:2  | Identified a scroll of acquirement
 10410 | Snake:2  | Got a transparent cloak
 10414 | Snake:2  | Identified the -3 cloak of a ziggurat {Dex+2 Int+3} (You acquired it on level 2 of the Snake Pit)
 10607 | Snake:5  | Entered Level 5 of the Snake Pit
 10610 | Snake:5  | Reached XP level 15. HP: 108/108 MP: 19/30
 10637 | Snake:5  | Slain by a naga warrior

Action                   |  1- 3 |  4- 6 |  7- 9 | 10-12 | 13-15 || total
-------------------------+-------+-------+-------+-------+-------++-------
Melee: Unarmed           |    19 |       |       |       |       ||    19
       Short sword       |     2 |     6 |       |       |       ||     8
       Flail             |       |     7 |    48 |    57 |    55 ||   167
Throw: Dart              |       |       |       |     1 |       ||     1
 Cast: Magic Dart        |    27 |    28 |   114 |   217 |   169 ||   555
       Searing Ray       |     1 |       |       |       |       ||     1
       Dazzling Spray    |       |     3 |     6 |     1 |       ||    10
       Iskenderun's Batt |       |       |    14 |    44 |    76 ||   134
       Iskenderun's Myst |       |       |     2 |   105 |   149 ||   256
       Sticky Flame      |       |       |       |     5 |    35 ||    40
       Flame Tongue      |       |       |       |     3 |       ||     3
       Fulminant Prism   |       |       |       |     1 |     5 ||     6
       Sublimation of Bl |       |       |       |     9 |   145 ||   154
       Regeneration      |       |       |       |       |    39 ||    39
       Ignite Poison     |       |       |       |       |    58 ||    58
 Abil: Breathe Poison Ga |     6 |    12 |    25 |    40 |    49 ||   132
Evoke: Wand              |       |       |     5 |    11 |    10 ||    26
  Use: Potion            |     4 |     2 |     1 |     5 |     8 ||    20
       Scroll            |     1 |     2 |     2 |    19 |    14 ||    38
 Stab: Sleeping          |       |     1 |     1 |     1 |       ||     3
       Distracted        |       |       |     1 |       |       ||     1
       Paralysed         |       |       |       |     4 |       ||     4
